AoeStats
← Crow

Nomad

510912182Analyzed
2v2 RM · 5h ago on Oct 3, 2026· 41m 27s· 4 players
Game mode
Random Map
Map size
176×176
Population
200
Speed
Normal
Resources
Standard
Victory
Conquest
Starting age
Dark Age
Ending age
Imperial Age
RankedLock teamsTeams togetherTeam positionsShared explorationLock speedFull tech treeHidden civsTurbo modeCheats
Victory
Defeat
🇨🇱 Portuguese · Chile
885
+15
🇨🇱 Japanese · Chile
867
+15
🇲🇽 Teutons · Mexico
862
-15
🇨🇴 Bengalis · Colombia
861
-15
Addeos
13:41 Feudal Age
18:45 Castle Age
21:00 Wheelbarrow
22:01 Stone Mining
23:14 Demolition Ship
24:43 Hand Cart
24:42 Loom
31:35 Fishing Lines
31:52 Gold Mining
31:50 Double-Bit Axe
33:29 Fletching
37:52 Imperial Age
36:06 Bodkin Arrow
37:01 Forging
37:55 Paiks
40:35 Gold Shaft Mining
40:18 Padded Archer Armor
Slidhane
11:16 Loom
14:23 Feudal Age
15:01 Double-Bit Axe
15:27 Fishing Lines
35:01 Castle Age
Crow
12:07 Loom
15:24 Feudal Age
16:48 Wheelbarrow
16:02 Town Watch
17:37 Double-Bit Axe
22:53 Castle Age
24:46 Stone Mining
24:51 Fletching
25:16 Bow Saw
24:52 Horse Collar
25:42 Medium Warships
26:10 Gold Mining
26:52 Careening
36:03 Imperial Age
33:51 Heavy Plow
37:16 Heavy Warships
37:58 Chemistry
38:11 Scale Mail Armor
38:21 Forging
37:52 Pikeman
40:10 Halberdier
41:33 Chain Mail Armor
41:56 Iron Casting
Magocuro
13:54 Feudal Age
12:40 Loom
15:00 Fishing Lines
15:50 Double-Bit Axe
20:58 Castle Age
18:47 Town Watch
20:38 Fletching
21:02 Forging
20:53 Scale Mail Armor
22:39 Bow Saw
23:26 Bodkin Arrow
24:20 Padded Archer Armor
24:56 Iron Casting
24:37 Chain Mail Armor
24:16 Guard Tower
30:25 Ballistics
30:01 Murder Holes
30:58 Husbandry
34:53 Pikeman
35:34 Squires
37:05 Gold Mining
43:03 Imperial Age
41:51 Masonry
41:24 Treadmill Crane
Connection lost

Rejoining the realm…

Still unreachable

The connection could not be restored.

Session expired

The server has moved on; the page needs a fresh start.